Map: Dusty Gorge

Players

MooEsqoo

  • Race: Protoss Protoss
  • Spawn Location: 11:00

A.I. 1 (Elite)

  • Race: Zerg Zerg
  • Spawn Location: 9:00

A.I. 2 (Elite)

  • Race: Protoss Protoss
  • Spawn Location: 3:00

A.I. 3 (Elite)

  • Race: Terran Terran
  • Spawn Location: 5:00

VOD

Have the link to the VOD?

Description

Time

  • Played on: Jan. 16, 2020, 8:52 a.m.
  • Length: 11:30
Show
View Real Time Build Order
Export as new Build Order

MooEsqoo Protoss 

Build Orders: 1 Gate Expand, Oracle Opening 

Get SALT Encoding   

  12  0:02  Probe  
  13  0:17  Pylon  
  13  0:20  Probe  
  14  0:41  Gateway  
  14  0:46  Probe  
  15  0:57  Assimilator  
  15  0:58  Probe (Chrono Boost)  
  16  1:08  Probe (Chrono Boost)  
  17  1:13  Probe (Chrono Boost)  
  18  1:26  Probe  
  18  1:32  Nexus  
  19  1:47  Cybernetics Core  
  19  1:54  Pylon  
  19  1:56  Probe  
  20  2:06  Assimilator  
  20  2:08  Probe  
  21  2:20  Probe  
  21  2:21  Stalker (Chrono Boost)  
  24  2:34  Probe  
  25  2:38  Warp Gate  
  25  2:44  Stalker (Chrono Boost)  
  25  2:47  Probe  
  28  2:52  Pylon  
  28  2:57  Stargate  
  28  2:59  Probe  
  28  3:00  Probe  
  30  3:14  Shield Battery  
  30  3:18  Probe x2  
  32  3:27  Stalker  
  32  3:30  Probe x2  
  36  3:42  Probe x2  
  38  3:49  Oracle (Chrono Boost)  
  41  3:57  Stalker  
  38  4:42  Oracle (Chrono Boost)  
  41  4:46  Stalker  
  41  5:11  Stalker  
  43  5:17  Probe x2  
  42  5:29  Probe x2  
  44  5:40  Stalker  
  44  5:42  Oracle (Chrono Boost)  
  46  5:46  Gateway x2  
  46  5:48  Probe  
  46  5:49  Probe  
  51  6:01  Probe x2  
  51  6:16  Pylon  
  51  6:18  Pylon  
  51  6:21  Pylon  
  51  6:22  Oracle (Chrono Boost)  
  54  6:36  Pylon  
  54  6:38  Pylon  
  54  6:40  Pylon  
  54  6:42  Pylon  
  54  6:43  Assimilator, Pylon  
  54  6:45  Pylon  
  54  6:47  Assimilator  
  54  6:50  Robotics Facility  
  54  6:56  Stalker x2  
  54  6:57  Stalker  
  54  6:58  Oracle  
  63  7:17  Probe x2  
  63  7:19  Nexus  
  63  7:20  Pylon  
  63  7:22  Pylon  
  65  7:26  Forge, Assimilator  
  65  7:29  Probe x2, Twilight Council  
  67  7:30  Assimilator  
  67  7:32  Gateway  
  67  7:33  Stalker  
  67  7:34  Stalker x2, Gateway  
  67  7:36  Gateway  
  73  7:46  Protoss Ground Weapons Level 1 (Chrono Boost)  
  73  7:49  Probe  
  73  7:50  Probe  
  75  8:00  Charge (Chrono Boost)  
  75  8:01  Warp Prism (Chrono Boost)  
  75  8:02  Probe x2  
  79  8:14  Probe x2  
  79  8:16  Zealot x2  
  79  8:17  Zealot  
  87  8:26  Probe  
  88  8:30  Probe, Observer  
  88  8:31  Probe  
  91  8:38  Probe  
  92  8:45  Probe x2  
  92  8:47  Void Ray  
  98  8:50  Probe  
  98  8:52  Immortal  
  103  8:57  Probe x2  
  103  9:00  Templar Archives  
  105  9:12  Zealot x3  
  105  9:13  Zealot x3  
  95  9:44  Stalker x2  
  95  9:45  Stalker x4  
  82  10:13  Stalker  
  82  10:14  Stalker x5  
  68  10:39  Stalker x6  
  50  11:05  Stalker x5  
  50  11:07  Stalker  
Show
View Real Time Build Order
Export as new Build Order

A.I. 1 (Elite) Zerg 

Build Orders: Pool First 

Get SALT Encoding   

  12  0:00  Drone  
  13  0:12  Overlord  
  13  0:18  Drone  
  14  0:30  Drone  
  14  0:31  Drone  
  14  0:34  Drone  
  17  0:48  Spawning Pool  
  16  0:51  Drone  
  17  1:14  Hatchery  
  17  1:17  Drone  
  17  1:21  Extractor  
  17  1:22  Extractor  
  17  1:25  Drone  
  16  1:30  Drone  
  17  1:35  Drone  
  17  1:38  Drone  
  19  1:49  Overlord  
  19  2:04  Queen  
  21  2:09  Zergling x2  
  21  2:15  Drone  
  23  2:32  Queen  
  25  2:39  Drone  
  25  2:43  Drone  
  27  2:46  Drone  
  27  2:50  Drone  
  29  3:06  Roach Warren  
  29  3:08  Drone  
  29  3:11  Drone  
  30  3:15  Zergling x2  
  30  3:19  Zergling x2  
  32  3:24  Zergling x2  
  32  3:29  Overlord  
  32  3:32  Drone  
  33  3:35  Drone  
  33  3:42  Zergling x2  
  33  3:46  Zergling x2  
  33  3:47  Roach  
  33  3:48  Zergling x2  
  36  3:51  Zergling x2  
  36  3:54  Zergling x2  
  35  3:59  Zergling x2  
  34  4:08  Zergling x2  
  33  4:17  Zergling x2  
  29  4:22  Zergling x2  
  23  4:45  Queen  
  21  4:49  Zergling x2  
  24  4:53  Zergling x2  
  24  4:58  Zergling x2  
  18  5:32  Spawning Pool  
  17  5:49  Drone  
  16  5:57  Hatchery  
  16  5:59  Drone  
  16  6:19  Zergling x2, Queen  
  16  6:21  Roach Warren  
  18  6:27  Drone  
  18  6:30  Zergling x2  
  20  6:56  Lair  
  20  7:02  Drone, Roach  
  20  7:07  Roach  
  25  7:12  Roach  
  27  7:22  Roach  
  29  7:27  Roach  
  31  7:30  Drone  
  31  7:32  Drone  
  31  7:36  Drone  
  34  7:40  Drone  
  34  7:42  Drone  
  36  7:48  Overlord  
  36  7:50  Drone  
  37  7:54  Drone  
  37  7:56  Drone  
  37  7:57  Hydralisk Den  
  38  7:59  Drone  
  38  8:02  Drone  
  38  8:05  Drone  
  41  8:07  Drone  
  41  8:10  Drone  
  43  8:14  Drone  
  43  8:16  Overlord  
  44  8:20  Overseer  
  44  8:25  Zergling x2, Drone  
  45  8:29  Hydralisk, Roach  
  45  8:30  Drone  
  50  8:35  Hydralisk  
  50  8:36  Hydralisk  
  54  8:42  Extractor  
  54  8:45  Extractor  
  54  8:47  Drone, Roach  
  54  8:48  Extractor  
  54  8:55  Extractor  
  53  8:58  Drone  
  53  8:59  Overlord  
  53  9:02  Drone x2  
  56  9:03  Drone  
  56  9:08  Drone  
  58  9:10  Drone  
  59  9:19  Drone  
  59  9:21  Zergling x2  
  60  9:30  Zergling x2  
  58  9:31  Drone  
  58  9:33  Drone, Hydralisk, Roach  
  48  9:40  Queen  
  48  9:41  Roach  
  48  9:43  Roach  
  50  9:51  Zergling x2  
  49  9:53  Overlord  
  45  10:02  Zergling x2  
  45  10:05  Roach  
  46  10:12  Roach  
  44  10:15  Roach  
  45  10:23  Zergling x2  
  19  10:47  Drone  
  19  10:53  Drone  
  17  11:17  Drone  
Show
View Real Time Build Order
Export as new Build Order

A.I. 2 (Elite) Protoss 

Build Orders: Zealot Archon 

Get SALT Encoding   

  12  0:01  Probe  
  13  0:13  Probe  
  14  0:20  Pylon  
  14  0:25  Probe  
  15  0:34  Probe  
  15  0:40  Gateway  
  15  0:42  Probe  
  16  0:48  Assimilator  
  17  0:52  Probe  
  18  1:00  Probe  
  18  1:02  Pylon  
  18  1:08  Probe  
  20  1:18  Probe  
  21  1:27  Zealot  
  21  1:30  Cybernetics Core  
  23  1:41  Probe, Gateway  
  24  1:51  Pylon  
  24  1:54  Probe  
  25  1:58  Warp Gate  
  25  1:59  Zealot  
  27  2:02  Probe  
  28  2:17  Gateway  
  28  2:26  Adept  
  28  2:28  Adept  
  32  2:35  Probe  
  33  2:37  Pylon  
  33  2:47  Probe  
  34  2:55  Adept  
  34  2:58  Adept  
  38  3:03  Adept  
  38  3:04  Probe, Pylon  
  41  3:10  Assimilator  
  41  3:25  Adept  
  43  3:28  Adept  
  43  3:33  Adept  
  47  3:34  Probe  
  47  3:40  Pylon  
  48  3:45  Robotics Facility  
  48  4:03  Stalker  
  48  4:05  Stalker  
  52  4:21  Nexus  
  52  4:34  Twilight Council  
  52  5:14  Templar Archives  
  52  5:17  Zealot  
  50  5:24  Zealot  
  48  5:34  Probe x2  
  46  5:46  Probe  
  46  5:47  Assimilator  
  46  5:48  Probe, Assimilator  
  48  5:50  Stalker  
  48  5:52  High Templar x2  
  54  5:57  Archon  
  54  5:58  Probe  
  54  6:00  Probe  
  56  6:10  Probe  
  53  6:12  Probe  
  53  6:13  Zealot  
  53  6:18  Probe  
  54  6:23  High Templar  
  54  6:24  Probe  
  52  6:26  Probe  
  52  6:31  High Templar  
  52  6:32  Probe  
  55  6:34  Adept  
  55  6:36  Probe  
  59  6:40  Probe  
  59  6:44  Archon  
  60  6:48  Probe  
  60  6:50  Probe  
  62  6:54  High Templar  
  62  6:55  Stalker  
  62  7:01  Probe  
  67  7:02  Probe  
  67  7:04  Nexus  
  67  7:06  Pylon, High Templar  
  70  7:13  Probe  
  70  7:14  Probe  
  72  7:19  Stalker  
  74  7:25  Probe, Archon  
  74  7:26  Probe, High Templar  
  74  7:27  Pylon  
  78  7:34  Sentry  
  80  7:41  Forge  
  80  7:42  Stalker  
  82  7:52  Pylon  
  82  7:53  High Templar  
  82  7:57  Adept  
  86  7:58  Zealot  
  86  8:00  Forge  
  86  8:03  Observer, Gateway  
  89  8:10  Archon  
  89  8:16  Stalker  
  89  8:17  Probe x2  
  89  8:18  Probe, Pylon  
  94  8:23  High Templar  
  94  8:26  Probe  
  96  8:29  Probe  
  96  8:30  Probe  
  96  8:32  Assimilator  
  99  8:34  Probe  
  99  8:35  Assimilator  
  99  8:37  High Templar  
  99  8:38  Probe  
  103  8:41  Archon  
  103  8:42  Probe, Stalker  
  103  8:45  Probe  
  103  8:46  Probe  
  107  8:55  Probe x2, Pylon  
  109  8:56  High Templar  
  109  9:00  Probe  
  113  9:07  Probe  
  113  9:08  Probe, High Templar  
  117  9:10  Probe, Stalker, Pylon  
  117  9:14  Stalker  
  117  9:15  Archon  
  122  9:18  Probe  
  122  9:19  Probe  
  122  9:20  Probe  
  125  9:29  High Templar  
  119  9:32  Pylon  
  119  9:33  Zealot  
  119  9:35  Zealot  
  107  9:41  High Templar  
  109  9:48  Photon Cannon  
  109  9:49  Adept  
  109  9:52  Sentry  
  111  10:01  Zealot  
  113  10:07  Zealot  
  113  10:08  Adept  
  113  10:09  Pylon  
  113  10:12  Pylon  
  113  10:13  Stalker  
  119  10:14  Warp Prism  
  119  10:18  Gateway  
  121  10:21  Stalker, Photon Cannon  
  121  10:25  Nexus  
  121  10:27  Zealot  
  125  10:28  Stalker  
  127  10:36  Photon Cannon, Sentry  
  127  10:39  Photon Cannon  
  127  10:40  Sentry  
  127  10:41  High Templar  
  131  10:50  Warp Prism  
  131  10:52  Adept  
  127  10:59  Zealot  
  127  11:02  High Templar  
  125  11:06  Stalker  
  125  11:10  Zealot  
  129  11:12  High Templar  
  129  11:14  Gateway  
  131  11:19  Archon  
  131  11:20  High Templar  
  131  11:26  Zealot  
Show
View Real Time Build Order
Export as new Build Order

A.I. 3 (Elite) Terran 

Build Orders:  

Get SALT Encoding   

  12  0:01  SCV  
  13  0:13  SCV  
  14  0:20  Supply Depot  
  14  0:25  SCV  
  15  0:42  SCV  
  16  0:46  Barracks  
  16  0:47  Refinery  
  16  0:54  SCV  
  17  1:04  Barracks  
  17  1:06  SCV  
  19  1:18  SCV  
  19  1:35  Orbital Command, Marine  
  20  1:43  Barracks  
  20  1:51  Reaper  
  20  1:53  Reaper  
  22  2:00  Supply Depot  
  22  2:03  SCV  
  23  2:22  Supply Depot  
  23  2:23  Reaper  
  23  2:24  SCV  
  23  2:25  Marine  
  27  2:30  Reaper  
  27  2:39  SCV  
  27  2:43  Marine  
  29  2:55  Marine  
  30  3:01  Reaper, Marine  
  30  3:02  Command Center  
  32  3:11  Refinery  
  32  3:13  Reaper, SCV  
  34  3:35  Marine  
  34  3:38  SCV  
  36  3:43  Factory  
  36  3:49  Supply Depot  
  36  4:11  Marine x3, SCV  
  36  4:14  SCV  
  41  4:23  SCV  
  40  4:25  Refinery  
  40  4:28  SCV  
  40  4:29  Factory Tech Lab  
  40  4:30  Barracks Tech Lab  
  41  4:32  Marine  
  41  4:34  Marine  
  41  4:35  SCV  
  40  4:41  SCV  
  37  4:48  Siege Tank, Marauder, SCV  
  37  4:50  Marine  
  37  4:51  Stimpack  
  37  4:52  Marine  
  44  4:59  SCV  
  45  5:02  SCV  
  46  5:08  Marine  
  46  5:10  Marauder, Marine  
  46  5:11  SCV  
  52  5:14  SCV  
  52  5:23  SCV  
  52  5:25  Marine  
  52  5:26  SCV  
  52  5:28  Marine  
  56  5:30  Supply Depot  
  56  5:31  Marauder  
  56  5:35  SCV  
  59  5:38  SCV  
  60  5:47  SCV  
  61  5:50  SCV  
  61  5:53  Marauder, Engineering Bay  
  61  5:54  Supply Depot  
  64  5:59  SCV  
  64  6:02  SCV  
  64  6:04  Command Center  
  66  6:11  SCV  
  66  6:14  Marauder  
  66  6:17  SCV  
  66  6:18  Terran Infantry Weapons Level 1  
  70  6:23  Supply Depot  
  70  6:24  SCV  
  71  6:29  SCV  
  71  6:31  Combat Shield  
  72  6:35  Marauder  
  72  6:36  SCV  
  75  6:41  SCV, Barracks Tech Lab, Engineering Bay  
  76  6:47  Barracks Reactor, Supply Depot  
  76  6:48  SCV  
  76  6:57  Marauder, Starport, SCV  
  76  6:59  Marine  
  80  7:06  Orbital Command, Terran Infantry Armor Level 1  
  80  7:11  Missile Turret  
  80  7:16  Supply Depot  
  80  7:17  Marine, SCV  
  80  7:18  Marauder, SCV  
  80  7:19  Missile Turret  
  80  7:22  Concussive Shells  
  85  7:27  Marine  
  85  7:29  Marine, SCV  
  88  7:31  SCV  
  88  7:33  Medivac, SCV  
  88  7:35  Marauder  
  94  7:39  Marauder  
  94  7:41  SCV  
  97  7:45  SCV x2  
  99  7:53  SCV  
  99  7:56  Missile Turret, Marauder  
  99  7:57  SCV  
  103  7:59  SCV  
  103  8:01  Missile Turret  
  103  8:03  Medivac, Supply Depot  
  103  8:05  Marauder, SCV  
  109  8:09  SCV  
  109  8:11  SCV  
  111  8:14  Barracks  
  111  8:17  Marine, SCV  
  111  8:19  Marine  
  114  8:20  Marine  
  114  8:21  SCV  
  114  8:24  Orbital Command  
  114  8:26  Marine  
  117  8:29  SCV, Supply Depot  
  117  8:33  Medivac  
  120  8:35  Missile Turret  
  120  8:37  Marauder  
  122  8:52  Marauder  
  122  8:55  Factory  
  124  8:58  Hi-Sec Auto Tracking  
  124  8:59  Marauder  
  124  9:00  Starport  
  126  9:03  Viking, Supply Depot  
  126  9:07  Missile Turret  
  126  9:09  Refinery  
  128  9:10  Refinery  
  128  9:13  Marauder  
  128  9:15  Armory  
  130  9:19  Refinery  
  130  9:24  Command Center  
  130  9:30  Marauder, Supply Depot  
  132  9:31  SCV  
  132  9:33  Medivac, SCV  
  132  9:34  Marauder, SCV  
  132  9:37  Starport Tech Lab  
  139  9:40  Missile Turret  
  139  9:41  Factory Tech Lab  
  139  9:49  Marine  
  139  9:50  Armory  
  139  9:52  Marine  
  136  9:53  Marine  
  136  9:54  Marine  
  136  9:55  Marine, Viking  
  136  9:57  Fusion Core  
  138  10:00  Supply Depot  
  138  10:04  Starport Reactor  
  127  10:07  Marine  
  127  10:10  Marine  
  127  10:11  Marine  
  127  10:12  Marine  
  127  10:13  Marine, Barracks  
  126  10:24  Raven  
  126  10:25  Marine  
  126  10:27  Marine  
  122  10:29  Marine  
  122  10:31  Marauder, Barracks Tech Lab  
  125  10:39  Planetary Fortress, Refinery  
  125  10:40  Viking x2  
  128  10:43  Marine  
  128  10:46  Marauder  
  128  10:47  Marine  
  128  10:48  Marine  
  133  10:53  Marauder  
  135  10:58  Missile Turret  
  135  10:59  Command Center  
  135  11:00  Marine  
  135  11:01  Marine  
  137  11:04  Missile Turret  
  137  11:07  Marauder, Marine  
  137  11:08  Marine, Refinery  
  145  11:12  Ghost Academy  
  148  11:20  Supply Depot  
Tags
 
Add a new tag
Caveats
  • Supply blocks, unpowered buildings, or Contaminate may cause inaccurate times.
  • Supply counts are checked every 10 seconds.